 Dungeon Crawl Stone Soup version 0.28-a0-71-g84acfa7270 (webtiles) character file.

Game seed: 15906947643801696056

197 mcsnuffy the Slasher (level 5, -2/42 HPs)
             Began as a Demonspawn Gladiator on Aug 1, 2021.
             Killed by divine providence
             ... invoked by an orc priest
              (10 damage)
             ... on level 3 of the Dungeon.
             The game lasted 00:10:06 (3182 turns).

mcsnuffy the Slasher (Demonspawn Gladiator)         Turns: 3182, Time: 00:10:07

Health: -2/42      AC:  7    Str: 14    XL:     5   Next: 46%
Magic:  5/5        EV: 11    Int: 10    God:
Gold:   160        SH:  0    Dex: 15    Spells: 3/4 levels left

rFire   . . .      SeeInvis .   a - +0 long sword
rCold   + . .      Faith    .   (no shield)
rNeg    . . .      Spirit   .   h - +0 ring mail
rPois   .          Reflect  .   j - +1 helmet
rElec   .          Harm     .   (no cloak)
rCorr   .          Rampage  .   (no gloves)
Will    .....                   (no boots)
Stlth   ..........              (no amulet)
HPRegen 0.14/turn               Z - ring of wizardry
MPRegen 0.09/turn               C - ring of protection from cold

@: silenced
A: claws 1, foul stench 1
a: no special abilities


You were on level 3 of the Dungeon.
You visited 1 branch of the dungeon, and saw 3 of its levels.

You collected 160 gold pieces.


Innate Abilities, Weirdness & Mutations

You have sharp fingernails.
You may rarely emit foul miasma when damaged in melee.


   Skills:
 + Level 3.7 Fighting
 - Level 4.8 Long Blades
 - Level 1.7 Throwing
 - Level 2.6 Dodging
 + Level 0.1 Spellcasting
 + Level 0.1 Fire Magic


You had 3 spell levels left.
You knew the following spells:

 Your Spells              Type           Power      Damage    Failure   Level
f - Foxfire               Conj/Fire      0%         2x1d4     28%         1

Your spell library contained the following spells:

 Spells                   Type           Power      Damage    Failure   Level
 Conjure Flame            Conj/Fire      0%         6-21      63%         3
 Inner Flame              Hex/Fire       0%         N/A       63%         3
 Animate Dead             Necr           0%         N/A       95%         4
 Haunt                    Necr/Summ      0%         N/A       100%        7
 Infestation              Necr           0%         N/A       100%        8

Inventory:

Hand Weapons
 a - a +0 long sword (weapon)
Missiles
 d - 2 throwing nets (quivered) {=f}
Armour
 b - a +0 leather armour
 c - a +0 helmet
 h - a +0 ring mail (worn)
 j - a +1 helmet (worn)
Jewellery
 C - a ring of protection from cold (right claw)
 Z - a ring of wizardry (left claw)
Scrolls
 e - 2 scrolls of enchant armour
 i - 2 scrolls of identify {@r1}
Potions
 l - a potion of mutation

Dungeon Overview and Level Annotations

Branches:
Dungeon (3/15)

Altars:

Annotations:
D:3 Grinder

*#################
*#........o....†@#
*#.###############
,#.*
,#.***************
,#.,,,,,,,,,,,,,,*
,.o,,,,,,******,**
*##*****,* *,*
,,<,,* *,* *,*
,*,*,* *,* *,*


You could see an orc priest (inner flame).


Message History

* * * LOW HITPOINT WARNING * * *
Really quaff the potion of mutation?
Okay, then.
As you read the scroll labelled CAQEWA AKHU, it crumbles to dust.
The creatures around you are filled with an inner flame!
It was a scroll of immolation.
Grinder closely misses you.
As you read the scroll labelled FELYOPR GOKELI, it crumbles to dust.
You feel aware of your surroundings.
You sensed 2 altars.
It was a scroll of magic mapping.
Grinder closely misses you.
As you read the scroll labelled VUIRGH WUIT, it crumbles to dust.
A profound silence engulfs you.
It was a scroll of silence.
Grinder misses you.
You hit Grinder.
Flame seeps out of Grinder.
Grinder is heavily wounded.
Grinder is engulfed in blazing flames.
Flame seeps out of Grinder.
Grinder blinks!
Grinder gestures at you. Pain shoots through your body!
* * * LOW HITPOINT WARNING * * *
Grinder blinks!
Grinder gestures at you.
You barely resist. Grinder gestures at you. Pain shoots through your body!
* * * LOW HITPOINT WARNING * * *
Grinder blinks!
You see here an adder corpse.
There is a stone staircase leading up, spattered with blood here.
The orc priest calls down the wrath of Beogh upon you.
Beogh smites you!
You die...

Skill      XL: |  1  2  3  4 |
---------------+-------------+-----
Long Blades    | 3 4 |  4.8
Fighting       | 3 |  3.7
Throwing       | |  1.7
Dodging        | |  2.6
Spellcasting   | |  0.1
Fire Magic     | |  0.1

Action                   |  1- 3 |  4- 6 || total
-------------------------+-------+-------++-------
Melee: Long sword        |   114 |    74 ||   188
Throw: Throwing net      |     1 |       ||     1
  Use: Scroll            |     2 |     4 ||     6
       Potion            |       |     1 ||     1
Armor: Leather armour    |     6 |       ||     6
       Ring mail         |    30 |    18 ||    48
Dodge: Dodged            |    92 |    54 ||   146
       Rpst.: Long sword |    23 |    17 ||    40

Levels and vault maps discovered:
D:1:      lemuel_arrival_river_ford, layout_basic,
          dreamdust_ecumenical_altar_angels_and_demons
D:2:      layout_rooms, kennysheep_boxes, uniq_terence
D:3:      layout_basic, okawaru_metal_pillars_1_2, mainiacjoe_overflow_paths,
          uniq_natasha, uniq_grinder, uniq_jessica

Notes
Turn   | Place    | Note
-------+----------+-------------------------------------------
     0 | D:1      | mcsnuffy the Demonspawn Gladiator began the quest for the
                  | Orb.
     0 | D:1      | Reached XP level 1. HP: 16/16 MP: 1/1
   248 | D:1      | Reached skill level 3 in Long Blades
   412 | D:1      | Found a faded altar of an unknown god.
   429 | D:1      | Gained mutation: You may rarely emit foul miasma when
                  | damaged in melee. [demonic ancestry]
   429 | D:1      | Reached XP level 2. HP: 15/22 MP: 2/2
  1466 | D:2      | Reached XP level 3. HP: 27/27 MP: 3/3
  1534 | D:2      | Reached skill level 4 in Long Blades
  1990 | D:2      | Noticed Terence
  2000 | D:2      | Killed Terence
  2001 | D:2      | Gained mutation: You have sharp fingernails. [demonic
                  | ancestry]
  2001 | D:2      | Reached XP level 4. HP: 33/33 MP: 4/4
  2049 | D:2      | HP: 1/33 [orc priest/divine providence (14)]
  2472 | D:2      | Reached skill level 3 in Fighting
  2472 | D:2      | Reached XP level 5. HP: 27/41 MP: 5/5
  2513 | D:2      | HP: 2/41 [gnoll (7)]
  2906 | D:3      | Noticed Natasha
  2924 | D:3      | Killed Natasha
  3011 | D:3      | Learned a level 1 spell: Foxfire
  3048 | D:3      | Noticed Grinder
  3182 | D:3      | Killed from afar by an orc priest

Vanquished Creatures
  An orc priest (D:2)
  Terence (D:2)
  Natasha (D:3)
  3 gnolls (D:2)
  3 adders
  2 worms (D:2)
  2 orcs (D:2)
  5 ball pythons
  4 endoplasms
  3 giant cockroaches
  4 goblins
  3 hobgoblins
  10 jackals
  A quokka (D:3)
  3 bats
  3 frilled lizards
  5 kobolds
  2 rats
56 creatures vanquished.

Vanquished Creatures (others)
  51 plants (D:2)
51 creatures vanquished.

Grand Total: 107 creatures vanquished

Table legend: (Time is in decaauts)
 A = Elapsed time spent in this place.
 B = Non-inter-level travel time spent in this place.
 C = Inter-level travel time spent in this place.
 D = Time resting spent in this place.
 E = Time spent auto-exploring this place.
 F = Levels seen in this place.
 G = Mean time per level.
                   A        B        C        D        E       F      G
               +--------+--------+--------+--------+--------+-----+--------+
         Total |   3222 |   3122 |    100 |    358 |   2212 |   3 | 1074.0 |
       Dungeon |   3222 |   3122 |    100 |    358 |   2212 |   3 | 1074.0 |
               +--------+--------+--------+--------+--------+-----+--------+

Top non-repeatable levels by time:
     D:2: 1479 daAuts
     D:1: 1438 daAuts
     D:3: 305 daAuts

Table legend:
 A = Non-vault XP
 B = Vault XP
 C = Vault XP percentage of total XP
 D = Non-vault monster count
 E = Vault monster count
 F = Vault count percentage of total count
                 A         B        C        D         E       F
            +---------+---------+-------+---------+---------+-------
      Total |     211 |      71 |  25.2 |      54 |       2 |   3.6
            +---------+---------+-------+---------+---------+-------
        D:1 |      38 |       0 |   0.0 |      23 |       0 |   0.0
        D:2 |     156 |      36 |  18.8 |      28 |       1 |   3.4
        D:3 |      17 |      35 |  67.3 |       3 |       1 |  25.0
            +---------+---------+-------+---------+---------+-------
